General information
- name:
- type: unknown
- host:
- saver:
map: 4v4
- players: 1
- length: 05:47
- speed: Slow
- version: 1.29 W3XP
- replay type: Public
» download(63 KB)
Players
team 1 (winner)
asite1563 (65 APM | 379 actions | 05:47)
2 Keeper of the Grove
1 Force of Nature
1 Thorns Aura
» actions
| Assign group hotkey | 18 | |
| Build / train | 24 | |
| Enter build submenu | 11 | |
| Enter hero's abilities submenu | 2 | |
| Right click | 130 | |
| Select / deselect | 80 | |
| Select group hotkey | 102 | |
| Use ability | 12 | |
379 total
» units
» buildings
| Altar of Elders | 1 | |
| Moon Well | 3 | |
| Ancient of War | 2 | |
| Hunter's Hall | 1 | |
| Tree of Ages | 1 | |
8 total
» build order
00:20 Altar of Elders
00:37 Moon Well
01:31 Moon Well
02:06 Ancient of War
02:35 Hunter's Hall
03:00 Moon Well
03:13 Ancient of War
05:24 Tree of Ages

(NAN APM | actions | 00:00)

(NAN APM | actions | 00:00)

(NAN APM | actions | 00:00)

(NAN APM | actions | 00:00)

(NAN APM | actions | 00:00)

(NAN APM | actions | 00:00)

(NAN APM | actions | 00:00)

(NAN APM | actions | 00:00)

(NAN APM | actions | 00:00)

(48 APM | 276 actions | 05:46)
1 Death Knight
1 Death Coil
» actions
| Assign group hotkey | 1 | |
| Basic commands | 3 | |
| Build / train | 17 | |
| Enter build submenu | 8 | |
| Enter hero's abilities submenu | 1 | |
| Remove unit from queue | 1 | |
| Right click | 129 | |
| Select / deselect | 99 | |
| Select group hotkey | 3 | |
| Use ability | 14 | |
276 total
» units
| Acolyte | 2 | |
| Ghoul | 8 | |
| Crypt Fiend | 1 | |
11 total
» buildings
| Crypt | 1 | |
| Altar of Darkness | 1 | |
| Ziggurat | 2 | |
| Tomb of Relics | 1 | |
| Graveyard | 1 | |
| Halls of the Dead | 1 | |
7 total
» build order
00:17 Crypt
00:23 Altar of Darkness
00:34 Ziggurat
01:02 Tomb of Relics
01:30 Ziggurat
02:12 Graveyard
03:03 Halls of the Dead
» items

(NAN APM | actions | 00:00)

(56 APM | 323 actions | 05:46)
1 Death Knight
1 Death Coil
» actions
| Assign group hotkey | 11 | |
| Basic commands | 46 | |
| Build / train | 18 | |
| Enter build submenu | 6 | |
| Enter hero's abilities submenu | 1 | |
| Right click | 107 | |
| Select / deselect | 61 | |
| Select group hotkey | 59 | |
| Use ability | 14 | |
323 total
» units
| Acolyte | 2 | |
| Ghoul | 2 | |
| Crypt Fiend | 8 | |
12 total
» upgrades
| Creature Attack | 1 | |
| Creature Carapace | 1 | |
2 total
» buildings
| Graveyard | 1 | |
| Crypt | 1 | |
| Altar of Darkness | 1 | |
| Ziggurat | 3 | |
| Nerubian Tower | 1 | |
7 total
» build order
00:07 Graveyard
00:18 Crypt
00:42 Altar of Darkness
00:57 Ziggurat
01:26 Ziggurat
01:56 Nerubian Tower
04:19 Ziggurat

(NAN APM | actions | 00:00)

(NAN APM | actions | 00:00)

(48 APM | 232 actions | 04:47)
1 Archmage
1 Summon Water Elemental
» actions
| Basic commands | 1 | |
| Build / train | 10 | |
| Enter build submenu | 6 | |
| Enter hero's abilities submenu | 1 | |
| Right click | 110 | |
| Select / deselect | 85 | |
| Use ability | 19 | |
232 total
» units
» buildings
| Scout Tower | 5 | |
| Altar of Kings | 1 | |
| Arcane Tower | 1 | |
| Farm | 1 | |
8 total
» build order
00:34 Scout Tower
00:52 Altar of Kings
01:04 Arcane Tower
01:07 Scout Tower
01:51 Farm
04:37 Scout Tower
04:37 Scout Tower
04:37 Scout Tower

(NAN APM | actions | 00:00)

(NAN APM | actions | 00:00)

(NAN APM | actions | 00:00)

(NAN APM | actions | 00:00)

(NAN APM | actions | 00:00)

(21 APM | 112 actions | 05:22)
2 Lich
1 Frost Nova
1 Dark Ritual
» actions
| Basic commands | 6 | |
| Build / train | 14 | |
| ESC pressed | 2 | |
| Enter build submenu | 10 | |
| Enter hero's abilities submenu | 2 | |
| Right click | 27 | |
| Select / deselect | 36 | |
| Use ability | 15 | |
112 total
» units
| Acolyte | 2 | |
| Ghoul | 6 | |
| Crypt Fiend | 1 | |
9 total
» buildings
| Crypt | 2 | |
| Altar of Darkness | 1 | |
| Ziggurat | 2 | |
| Graveyard | 2 | |
| Tomb of Relics | 1 | |
| Halls of the Dead | 1 | |
9 total
» build order
01:15 Crypt
01:19 Altar of Darkness
01:22 Ziggurat
01:39 Crypt
01:43 Graveyard
01:47 Ziggurat
01:51 Graveyard
02:05 Tomb of Relics
03:33 Halls of the Dead
» items

(49 APM | 282 actions | 05:46)
1 Archmage
1 Blizzard
» actions
| Assign group hotkey | 2 | |
| Basic commands | 2 | |
| Build / train | 17 | |
| Enter build submenu | 7 | |
| Enter hero's abilities submenu | 2 | |
| Right click | 194 | |
| Select / deselect | 43 | |
| Select group hotkey | 2 | |
| Use ability | 13 | |
282 total
» units
» buildings
| Altar of Kings | 1 | |
| Farm | 2 | |
| Lumber Mill | 1 | |
| Scout Tower | 2 | |
| Guard Tower | 1 | |
7 total
» build order
00:54 Altar of Kings
02:08 Farm
04:32 Farm
04:48 Lumber Mill
05:26 Scout Tower
05:39 Scout Tower
05:41 Guard Tower

(73 APM | 421 actions | 05:46)
2 Archmage
1 Summon Water Elemental
1 Brilliance Aura
» actions
| Assign group hotkey | 10 | |
| Basic commands | 26 | |
| Build / train | 22 | |
| Enter build submenu | 11 | |
| Enter hero's abilities submenu | 2 | |
| Right click | 178 | |
| Select / deselect | 82 | |
| Select group hotkey | 70 | |
| Use ability | 20 | |
421 total
» units
» buildings
| Farm | 5 | |
| Barracks | 1 | |
| Altar of Kings | 1 | |
| Keep | 2 | |
| Lumber Mill | 1 | |
| Arcane Sanctum | 2 | |
12 total
» build order
00:19 Farm
00:22 Barracks
00:30 Altar of Kings
00:56 Farm
03:00 Keep
03:00 Keep
03:03 Lumber Mill
03:36 Farm
03:38 Farm
03:39 Farm
05:36 Arcane Sanctum
05:38 Arcane Sanctum

(21 APM | 112 actions | 05:24)
1 Death Knight
1 Death Coil
» actions
| Basic commands | 1 | |
| Build / train | 10 | |
| Enter build submenu | 8 | |
| Enter hero's abilities submenu | 1 | |
| Right click | 44 | |
| Select / deselect | 37 | |
| Use ability | 11 | |
112 total
» units
» buildings
| Ziggurat | 2 | |
| Crypt | 1 | |
| Altar of Darkness | 1 | |
| Tomb of Relics | 2 | |
| Graveyard | 1 | |
7 total
» build order
01:18 Ziggurat
01:22 Crypt
01:28 Altar of Darkness
01:50 Tomb of Relics
02:18 Tomb of Relics
02:32 Ziggurat
02:42 Graveyard
» items

(0 APM | actions | 05:47)
Chat log
(00:12 / Allies) asite1563: u will be banned
(00:16 / Allies) : hm
(00:19 / Allies) : hahahhahaa
(00:20 / Allies) : u sure
(00:23 / Allies) asite1563: i am admin
(00:25 / Allies) asite1563: yes
(00:28 / Allies) : :)
(00:38 / Allies) : w8 what i want
(00:41 / Allies) : u ll see
(00:48 / Allies) : u suck
(00:56 / Allies) : no
(00:57 / Allies) : u rude
(00:58 / Allies) asite1563: makeb shit
(00:59 / Allies) asite1563: there
(01:12 / Allies) : make peon on gold then idiot
(01:20 / Allies) asite1563: make units
(01:30 / Allies) : chill im gosu
(01:33 / Allies) : from korea
(01:48 / Allies) : hes from soouth korea
(01:56 / Allies) : im moon's cousin
(02:16 / Allies) : have some1 of you take a lsd ?
(02:18 / All) : the retarded one abviously
(02:41 / Allies) : sorry that im pro
(02:45 / Allies) asite1563: gogo
(02:50 / All) : ANNOUNCEMENT: We now have clan on all realms! Meet new friends and coordinate joining games @ Clan s4s
(03:18 / Allies) : kill his magic tower
(03:46 / Allies) : mana tower
(04:41 / Allies) : and what now?
(04:45 / Allies) : i made this game
(04:47 / All) : freesouthkorea has left the game voluntarily.
(04:53 / Allies) : shame on u
(04:56 / Allies) asite1563: u met a noob
(05:04 / Allies) : yes
(05:05 / Allies) : coz u
(05:07 / Allies) : ^^
(05:11 / Allies) asite1563: and team that supports u
(05:20 / Allies) : im just pro
(05:22 / Allies) : and u jealous
(05:22 / All) : Mr.Sinister has left the game voluntarily.
(05:24 / All) : Dr.Doom has left the game voluntarily.
(05:30 / Allies) : lets re
(05:42 / All) : wow pathetic team work, arguing with easy win
(05:46 / All) : Fun4You has left the game voluntarily.